 Dungeon Sprint DCSS version 0.28.0-45-g0d030f2227 (webtiles) character file.

Game seed: 1796347079241759395

10508 Baz the Imperceptible (level 11, -9/62 HPs)
             Began as a Spriggan Enchanter on Apr 5, 2022.
             Was a High Priest of Ru.
             Killed from afar by an oklob plant (29 damage)
             ... with a splash of acid
             ... in the Dungeon (Sprint I: "Red Sonja").
             The game lasted 00:20:31 (3684 turns).

Baz the Imperceptible (Spriggan Enchanter)          Turns: 3684, Time: 00:20:31

Health: -9/62      AC:  2    Str:  2    XL:     11   Next: 37%
Magic:  17/18      EV: 37    Int: 17    God:    Ru [*****.]
Gold:   466        SH:  0    Dex: 24    Spells: 4/18 levels left

rFire   . . .      SeeInvis +   l - +1 dagger (distort)
rCold   . . .      Faith    .   (shield unavailable)
rNeg    . . .      Spirit   .   b - +0 robe
rPois   +          Reflect  .   (helmet restricted)
rElec   +          Harm     .   (no cloak)
rCorr   .          Rampage  .   (gloves unavailable)
Will    +....      NoTele   +   (boots unavailable)
Stlth   ++++++++++              j - amulet of the acrobat
HPRegen 0.20/turn               (ring unavailable)
MPRegen 0.16/turn               o - ring "Zoxkeibuav" {rElec rPois Str-2 Int-4 Dex+8}

@: lethally poisoned (-9 -> -24), acrobatic, slowed, quick
A: very small, no large weapons, unfitting armour, see invisible, speed 3,
missing a hand, inability to use devices, reduced EV 1
a: Renounce Religion, Draw Out Power, Power Leap, Apocalypse


You were in the Dungeon.
You worshipped Ru.
Ru was extremely pleased with you.
You visited 1 branch You collected 1866 gold pieces.
You spent 1400 gold pieces at shops.

Inventory:

Hand Weapons
 a - a +1 dagger
 i - the +2 dagger of the End {venom, *Noise Drain Dex+8 SInv}
   (You bought it in a shop in the Dungeon)

   It poisons the flesh of those it strikes.
   Dex:       It affects your dexterity (+8).
   SInv:      It lets you see invisible.
   *Noise:    It may make noises in combat.
   Drain:     It drains your maximum health when unequipped.
 k - a +1 dagger of holy wrath
 l - a +1 dagger of distortion (weapon)
Armour
 b - a +0 robe (worn)
Jewellery
 j - an amulet of the acrobat (around neck)
 n - the ring "Niasuj" {rPois rC- MP+9 Str+3}
   (You bought it in a shop in the Dungeon)

   [ring of poison resistance]

   Str:       It affects your strength (+3).
   rC:        It makes you vulnerable to cold.
   rPois:     It protects you from poison.
   MP:        It affects your magic capacity (+9).
 o - the ring "Zoxkeibuav" (right hand) {rElec rPois Str-2 Int-4 Dex+8}
   (You bought it in a shop in the Dungeon)

   [ring of poison resistance]

   Str:       It affects your strength (-2).
   Int:       It affects your intelligence (-4).
   Dex:       It affects your dexterity (+8).
   rElec:     It insulates you from electricity.
   rPois:     It protects you from poison.
Wands
 h - a wand of polymorph (3)
Scrolls
 m - 2 scrolls of identify
Potions
 d - 3 potions of curing
 e - a potion of brilliance
 f - a potion of haste
 g - 3 potions of magic
 p - 2 potions of invisibility


   Skills:
 - Level 9.3 Fighting
 - Level 9.6 Short Blades
 - Level 10.1 Dodging
 - Level 26.7 Stealth
 - Level 4.2 Spellcasting
 - Level 15.8 Hexes
 + Level 11.4 Translocations


You had 4 spell levels left.
You knew the following spells:

 Your Spells              Type           Power      Damage    Failure   Level
a - Ensorcelled Hibernat  Hex/Ice        60%        N/A       1%          2
b - Confusing Touch       Hex            55%        N/A       1%          3
c - Dazzling Flash        Conj/Hex       60%        N/A       1%          3
d - Tukima's Dance        Hex            55%        N/A       1%          3
e - Teleport Other        Tloc           42%        N/A       1%          3

Your spell library contained the following spells:

 Spells                   Type           Power      Damage    Failure   Level
 Gell's Gravitas          Tloc           42%        N/A       1%          3
 Dispersal                Tloc           21%        N/A       22%         6
 Fireball                 Conj/Fire      1%         3d3       99%         5
 Iskenderun's Battlesphe  Conj           3%         2d6       99%         5
 Conjure Ball Lightning   Conj/Air       1%         3x3d6     100%        6
 Orb of Destruction       Conj           1%         9d5       100%        7


Dungeon Overview and Level Annotations

Branches:
Dungeon (1/1)

Altars:
Cheibriados
Dithmenos
Elyvilon
Fedhas
Gozag
Hepliaklqana
Kikubaaqudgha
Makhleb
Nemelex Xobeh
Okawaru
Qazlal
Ru
Sif Muna
Trog
Uskayaw
Vehumet
Wu Jian
Xom
Yredelemnul
Zin
The Shining One
Jiyva
Lugonu

Shops:
D (((([:****(*!:![!

Annotations:
D exclusion: oklob plant, Lom Lobon


Innate Abilities, Weirdness & Mutations

You are very small and have problems with some larger weapons.
You are too small for most types of armour.
You have supernaturally acute eyesight. (SInv)
You cover ground extremely quickly. (Speed+++)
You are missing a hand.
You cannot study or use magical devices.
You have somewhat slow reflexes. (EV -5)


Message History

[the floor.]
There is an open door here.
There is a broken door here.
You see here a +0 trident.
You see here a +0 trident.
Really walk into a travel-excluded area?
There is an open door, spattered with blood here.
Really walk into a travel-excluded area?
The gargoyle begins to attack, but is stunned by your conviction!
Casting: Teleport Other (safe; 1% risk of failure)
Confirm with . or Enter, or press ? or * to list all spells.
You can't see any susceptible monsters within range! (Use Z to cast anyway.)
Casting: Teleport Other (safe; 1% risk of failure)
Confirm with . or Enter, or press ? or * to list all spells.
Your hand begins to glow red.
You hit the gargoyle but do no damage.
The gargoyle appears confused.
The gargoyle completely misses you.
You hit the gargoyle but do no damage.
Space warps around the gargoyle.
The gargoyle is lightly damaged.
You hit the gargoyle but do no damage.
Space warps around the gargoyle.
The gargoyle is moderately damaged.
The gargoyle hits you with a +0 mace!!
The gargoyle hits itself with a +0 mace!!
You hit the gargoyle but do no damage.
Space warps around the gargoyle.
The gargoyle is almost destroyed.
You hit the gargoyle but do no damage.
The gargoyle is almost destroyed.
The gargoyle blinks!
You start resting.
You are engulfed in dark miasma.
You are engulfed in dark miasma.
There is an open door, spattered with blood here.
You are engulfed in dark miasma.
You are poisoned.
You feel yourself slow down.
You feel very sick.
You feel very sick. The oklob plant spits acid at you.
The splash of acid hits you!!
You die...

§§#+*,###'#,,,*#..#$$§$§#,,,*,,,,
###,,,*,#.#*,,,#..##$$§§#,∩,*,,,,
..#,,,**#..***,#..≈###+##,,,*,,,,
..+,,,,,##.#,*,#..≈.:#,****+*,,,,
)°#,,,,,*,.##*,#.)≈.##+*,,,,**,,,
○°#**++**,**,,,#..≈##,,,,,,,,**,,
○##*,,***,,*+###..≈#,,,,,,,,,,*,,
○#***,,***,,,#P≈..##,,,,,,,,,,**,
+#,,*,,*,***,#.≈@.#,,,,,,,,,,,,*,
,*,,,,,,,,,*,###°.#,,,,,,,,,,,,*,
**,,,,,,,,,*,#.°..#*,,,,,,,,,,**,
,+,,,,,,****+#.##'##,,,,,,,,,,*,,
***,,,***,,,,#°#≈≈≈##,,,,,,,,**,,
,,*****,,,####°#≈≈≈≈##,,,,,,**,,,
,,,,,,,,###..°°#≈≈≈≈≈#***#***,,,,
,,,,****#°..°####≈≈≈≈#≈≈≈≈≈*,,,,,
,,,*#○.°°°°°°#..#'≈≈≈'≈≈.≈≈+,,,,,


You could see an oklob plant.

Vanquished Creatures
  A hydra (D)
  2 centaur warriors (D)
  Sonja (D)
  A deep troll (D)
  A lindwurm (D)
  An oklob plant (D)
  A merfolk siren (D)
  A gargoyle (D)
  2 kobold demonologists (D)
  A hellwing (D)
  4 demonic crawlers (D)
  2 unseen horrors (D)
  A hornet (D)
  A slime creature (D)
  Sigmund (D)
  13 hogs (D)
  A yak (D)
  2 redbacks (D)
  3 floating eyes (D)
  6 necrophages (D)
  An ogre (D)
  8 jellies (D)
  Ijyb (D)
  A ballistomycete spore (D)
57 creatures vanquished.

Vanquished Creatures (others)
  the Lernaean hydra (D)
  A deep elf master archer (D)
  A merfolk siren (D)
  4 hornets (D)
  A dancing weapon (D)
  A ballistomycete spore (D)
9 creatures vanquished.

Grand Total: 66 creatures vanquished

Notes
Turn   | Place    | Note
-------+----------+-------------------------------------------
     0 | D        | Baz the Spriggan Enchanter began the quest for the Orb.
     0 | D        | Reached XP level 1. HP: 9/9 MP: 5/5
     1 | D        | Noticed Ijyb
    16 | D        | Killed Ijyb
    17 | D        | Reached skill level 8 in Stealth
    17 | D        | Reached skill level 5 in Hexes
    17 | D        | Reached XP level 2. HP: 8/13 MP: 6/6
   243 | D        | Noticed an ogre
   246 | D        | Killed an ogre
   247 | D        | Reached skill level 12 in Stealth
   247 | D        | Reached XP level 3. HP: 16/16 MP: 8/8
   247 | D        | Reached XP level 4. HP: 21/21 MP: 9/9
   255 | D        | Noticed Sigmund
   258 | D        | Killed Sigmund
   259 | D        | Reached skill level 15 in Stealth
   259 | D        | Reached XP level 5. HP: 24/24 MP: 10/10
   275 | D        | Learned a level 2 spell: Ensorcelled Hibernation
   279 | D        | Learned a level 3 spell: Confusing Touch
   283 | D        | Learned a level 3 spell: Dazzling Flash
   283 | D        | Found an ornate altar of the Wu Jian Council.
   283 | D        | Found a shimmering blue altar of Sif Muna.
   285 | D        | Found a radiant altar of Vehumet.
   290 | D        | Reached skill level 16 in Stealth
   290 | D        | Reached XP level 6. HP: 29/29 MP: 11/11
   313 | D        | Found Roulias's Weapon Emporium.
   313 | D        | Found an ancient bone altar of Kikubaaqudgha.
   313 | D        | Found a hazy altar of Hepliaklqana.
   313 | D        | Found a stormy altar of Qazlal.
   313 | D        | Found a hide-covered altar of Uskayaw.
   313 | D        | Found a blossoming altar of Fedhas.
   313 | D        | Found a bloodstained altar of Trog.
   313 | D        | Found an iron altar of Okawaru.
   313 | D        | Found a basalt altar of Yredelemnul.
   313 | D        | Found a glowing golden altar of the Shining One.
   313 | D        | Found a snail-covered altar of Cheibriados.
   313 | D        | Found a sacrificial altar of Ru.
   313 | D        | Found a glowing silver altar of Zin.
   313 | D        | Found a shadowy altar of Dithmenos.
   313 | D        | Found a white marble altar of Elyvilon.
   313 | D        | Noticed a yak
   314 | D        | Found an opulent altar of Gozag.
   315 | D        | Killed a yak
   316 | D        | Reached skill level 17 in Stealth
   316 | D        | Reached skill level 10 in Hexes
   316 | D        | Found a sparkling altar of Nemelex Xobeh.
   322 | D        | Became a worshipper of Ru the Awakened
   325 | D        | Bought a +1 dagger of holy wrath for 116 gold pieces
   343 | D        | Noticed Sonja
   347 | D        | Killed Sonja
   348 | D        | Reached skill level 19 in Stealth
   348 | D        | Reached XP level 7. HP: 38/38 MP: 12/12
   365 | D        | Found Yjuosodd's Antique Weapon Boutique.
   395 | D        | Found a burning altar of Makhleb.
   395 | D        | Found a viscous altar of Jiyva.
   395 | D        | Found a shimmering altar of Xom.
   395 | D        | Found a corrupted altar of Lugonu.
   395 | D        | Noticed a slime creature
   398 | D        | Killed a slime creature
   399 | D        | Reached XP level 8. HP: 42/42 MP: 13/13
   403 | D        | Learned a level 3 spell: Tukima's Dance
   415 | D        | Noticed a kobold demonologist
   416 | D        | Noticed a kobold demonologist
   419 | D        | Reached skill level 20 in Stealth
   422 | D        | Noticed an orange demon
   452 | D        | Killed a kobold demonologist
   453 | D        | Reached skill level 5 in Fighting
   454 | D        | Killed a kobold demonologist
   455 | D        | Reached skill level 21 in Stealth
   466 | D        | Noticed a demonic crawler
   466 | D        | Noticed a demonic crawler
   466 | D        | Noticed a demonic crawler
   466 | D        | Noticed a demonic crawler
   468 | D        | Killed a demonic crawler
   469 | D        | Reached XP level 9. HP: 33/48 MP: 14/14
   469 | D        | Killed a demonic crawler
   471 | D        | Killed a demonic crawler
   472 | D        | Reached skill level 22 in Stealth
   472 | D        | Killed a demonic crawler
   496 | D        | Gained mutation: You have somewhat slow reflexes. (EV -5)
                  | [Ru sacrifice]
   496 | D        | Reached * piety under Ru
   577 | D        | Noticed a lindwurm
   580 | D        | Killed a lindwurm
   581 | D        | Reached skill level 23 in Stealth
   598 | D        | Reached skill level 5 in Dodging
   601 | D        | Reached XP level 10. HP: 55/55 MP: 15/15
   603 | D        | Reached skill level 24 in Stealth
   864 | D        | Noticed a gargoyle
   868 | D        | Killed a gargoyle
   890 | D        | Noticed a centaur warrior
   891 | D        | Noticed a centaur warrior
   912 | D        | Killed a centaur warrior
   913 | D        | Reached skill level 25 in Stealth
   928 | D        | Killed a centaur warrior
   929 | D        | Reached skill level 15 in Hexes
   935 | D        | Gained mutation: You cannot study or use magical devices.
                  | [Ru sacrifice]
   935 | D        | Reached ** piety under Ru
   935 | D        | Reached *** piety under Ru
  1077 | D        | Noticed an oklob plant
  1079 | D        | Killed an oklob plant
  1080 | D        | Reached skill level 26 in Stealth
  1393 | D        | Reached XP level 11. HP: 59/62 MP: 10/16
  1480 | D        | Gained mutation: You are missing a hand. [Ru sacrifice]
  1480 | D        | Reached **** piety under Ru
  1480 | D        | Reached ***** piety under Ru
  1496 | D        | Reached skill level 10 in Dodging
  1557 | D        | Found Siladyel's Antique Weapon Shoppe.
  1557 | D        | Found Wetox's Antique Weapon Shop.
  1557 | D        | Found Avaa's Antique Armour Boutique.
  1559 | D        | Found Oruasul's Book Emporium.
  1559 | D        | Found Ytoxoa Jevaq's Assorted Antiques.
  1559 | D        | Found Xiron's General Store.
  1559 | D        | Found Other's Assorted Antiques.
  1559 | D        | Found Ythose's Assorted Antiques.
  1559 | D        | Found Uberr's Antique Weapon Shop.
  1559 | D        | Found Xitzah's General Store.
  1562 | D        | Found Joeff's Distillery.
  1563 | D        | Found Voih Xuopn's Distillery.
  1563 | D        | Found Syzedeng's Book Boutique.
  1564 | D        | Found Jate's Distillery.
  1594 | D        | Bought a There-And-Back Book for 420 gold pieces
  1598 | D        | Learned a level 3 spell: Teleport Other
  1599 | D        | Bought a faintly glowing dagger for 210 gold pieces
  1599 | D        | Identified the +2 dagger of the End {venom, *Noise Drain
                  | Dex+8 SInv} (You bought it in a shop in the Dungeon)
  1702 | D        | Bought a potion of heal wounds for 55 gold pieces
  1702 | D        | Bought a scroll of magic mapping for 38 gold pieces
  1702 | D        | Bought a scroll of identify for 22 gold pieces
  1705 | D        | Bought a dented ruby amulet for 105 gold pieces
  1705 | D        | Bought a scroll of identify for 42 gold pieces
  1713 | D        | Bought a bound steel ring for 160 gold pieces
  1713 | D        | Identified the ring "Niasuj" {rPois rC- MP+9 Str+3} (You
                  | bought it in a shop in the Dungeon)
  1713 | D        | Bought a smoking bone ring for 160 gold pieces
  1713 | D        | Identified the ring "Zoxkeibuav" {rElec rPois Str-2 Int-4
                  | Dex+8} (You bought it in a shop in the Dungeon)
  1724 | D        | Bought a potion of curing for 36 gold pieces
  1724 | D        | Bought a potion of curing for 36 gold pieces
  1773 | D        | Noticed a deep troll
  1778 | D        | Killed a deep troll
  1793 | D        | Found Gieqimim's Armour Emporium.
  1847 | D        | Noticed a 12-headed hydra
  1849 | D        | Killed a 12-headed hydra
  1872 | D        | HP: 3/62 [something (9)]
  2168 | D        | Noticed a deep elf annihilator
  2172 | D        | Noticed a mummy priest
  2174 | D        | Reached skill level 10 in Translocations
  2650 | D        | Noticed an oklob plant
  2666 | D        | Noticed Lom Lobon
  2666 | D        | Identified the amulet "Ududgheo" {Reflect rF- rN+ Dex+4
                  | SH+5}
  2666 | D        | Noticed a deep elf master archer
  2671 | D        | Noticed the 27-headed Lernaean hydra
  2682 | D        | Killed a deep elf master archer
  2691 | D        | Killed the 27-headed Lernaean hydra
  2806 | D        | Noticed a flayed ghost
  3373 | D        | Identified the +3 falchion of Regicide {antimagic, rElec
                  | Int+4}
  3373 | D        | Identified the +5 longbow of Godoudus {flame, rPois Dex+4}
  3380 | D        | Noticed a soul eater
  3380 | D        | Noticed a soul eater
  3391 | D        | HP: 3/62 [soul eater/drain life[a mummy priest] (21)]
  3684 | D        | Killed from afar by an oklob plant

Illustrated notes

Levels and vault maps discovered:
D:        dungeon_sprint_1 [red_sonja_temple_1, red_sonja_temple_small_1]

Skill      XL: |  1  2  3  4  5  6  7  8  9 10 11 |
---------------+----------------------------------+-----
Stealth        | 8 12 15 16 19 21 23 26 | 26.7
Hexes          | 5 7 9 11 12 14 15 | 15.8
Fighting       | 4 6 7 9 |  9.3
Short Blades   | 6 8 9 |  9.6
Dodging        | 5 9 10 | 10.1
Spellcasting   | 3 4 |  4.2
Translocations | 11 | 11.4

Action                   |  1- 3 |  4- 6 |  7- 9 | 10-12 || total
-------------------------+-------+-------+-------+-------++-------
Melee: Dagger            |    13 |     4 |    22 |    71 ||   110
 Cast: Confusing Touch   |       |       |     1 |     4 ||     5
       Ensorcelled Hiber |       |       |       |    18 ||    18
       Tukima's Dance    |       |       |       |     2 ||     2
       Teleport Other    |       |       |       |    11 ||    11
       Dazzling Flash    |       |       |       |     7 ||     7
Invok: Sacrifice Health  |       |       |     1 |       ||     1
       Sacrifice Artific |       |       |       |     1 ||     1
       Apocalypse        |       |       |       |     1 ||     1
       Sacrifice a Hand  |       |       |       |     1 ||     1
  Use: Potion            |     1 |       |     2 |     4 ||     7
       Scroll            |       |       |       |     5 ||     5
 Stab: Sleeping          |     1 |     4 |    12 |    31 ||    48
       Invisible         |       |       |     4 |     1 ||     5
       Confused          |       |       |       |     3 ||     3
       Distracted        |       |       |       |     1 ||     1
Armor: Skin              |     3 |       |       |       ||     3
       Robe              |       |       |     1 |     3 ||     4
Dodge: Dodged            |     2 |       |     5 |    23 ||    30
